 Dungeon Crawl Stone Soup version 0.29.1-13-g9f3cf754e1 (webtiles) character file.

Game seed: 4053236668164173804

4 concernfroge the Scratcher (level 1, -1/9 HPs)
             Began as a Felid Transmuter on Jan 23, 2023.
             Frozen to death by an endoplasm (5 damage)
             ... on level 1 of the Dungeon.
             The game lasted 00:00:22 (32 turns).

concernfroge the Scratcher (Felid Transmuter)         Turns: 32, Time: 00:00:23

Health: -1/9       AC:  1    Str:  6    XL:     1   Next: 50%
Magic:  4/4        EV: 17    Int: 14    God:
Gold:   0          SH:  0    Dex: 16    Spells: 3/4 levels left
                                        Lives:  0   Deaths: 0

rFire   . . .      SeeInvis +     - Unarmed
rCold   . . .      Faith    .   (shield unavailable)
rNeg    . . .      Spirit   .   (body armour unavailable)
rPois   .          Reflect  .   (helmet unavailable)
rElec   .          Harm     .   (cloak unavailable)
rCorr   .          Rampage  .   (gloves unavailable)
Will    .....                   (boots unavailable)
Stlth   ++........              (no amulet)
HPRegen 0.03/turn               (no ring)
MPRegen 0.09/turn               (no ring)

@: quick
A: very small, claws 1, fangs 3, see invisible, speed 1, shaggy fur 1, stealthy
paws, no weapons or thrown items, no armour, multi-lived
a: no special abilities


You were on level 1 of the Dungeon.
You visited 1 branch of the dungeon, and saw 1 of its levels.

Inventory:

Potions
 a - a potion of lignification


   Skills:
 + Level 1.1 Fighting
 + Level 2.8 Dodging
 + Level 0.6 Stealth
 + Level 3.0 Unarmed Combat
 - Level 2.0 Spellcasting
 - Level 2.1 Transmutations


You had 3 spell levels left.
You knew the following spells:

 Your Spells              Type           Power      Damage    Failure   Level
a - Beastly Appendage     Tmut           14%        N/A       10%         1

Your spell library contained the following spells:

 Spells                   Type           Power      Damage    Failure   Level
 Wereblood                Tmut           7%         N/A       14%         2
 Spider Form              Tmut/Pois      4%         N/A       41%         3
 Ice Form                 Ice/Tmut       4%         N/A       83%         4


Dungeon Overview and Level Annotations

Branches:
Dungeon (1/15)

Altars:


Innate Abilities, Weirdness & Mutations

You have sharp claws.
You have razor-sharp teeth.
You have supernaturally acute eyesight. (SInv)
You cover ground quickly. (Speed+)
You are covered in fur. (AC +1)
Your paws help you pounce on unaware monsters.
You are incapable of wielding weapons or throwing items.
You cannot wear armour.
You gain extra lives every three experience levels.


Message History

The jackal closely misses you. x2
You scratch the jackal but do no damage.
The jackal is heavily wounded.
Your transformation is almost over.
The jackal misses you. The jackal barely misses you.
You scratch the jackal.
The jackal is almost dead.
The jackal barely misses you. The jackal closely misses you. x2
You closely miss the jackal.
The jackal is almost dead.
The jackal completely misses you. The jackal barely misses you.
An endoplasm comes into view.
The endoplasm quivers.
You scratch the jackal but do no damage.
The jackal is almost dead.
The jackal closely misses you. The jackal bites you.
You scratch the jackal.
You kill the jackal!
The jackal closely misses you. The jackal misses you. x2
You closely miss the jackal.
The jackal is heavily wounded.
The jackal closely misses you. The jackal bites you.
You scratch the jackal.
You kill the jackal!
The jackal bites you but does no damage.
You scratch the jackal. Your headbutt misses the jackal. You bite the jackal.
The jackal is almost dead.
The jackal bites you.
You barely miss the jackal.
The jackal is almost dead.
The jackal closely misses you. The jackal bites you.
You are too injured to fight recklessly!
You scratch the jackal.
You kill the jackal!
Your horns disappear.
You barely miss the endoplasm. The endoplasm freezes you.
You are frozen.
Ouch! That really hurt!
You die...

♣♣♣♣ ####
♣♣♣...#######..##
♣♣.........J@...<#
...........†#....#
.......#######..##
....... ##'#
....... #..#
.#..#.. #..#
#..#.P #..# #. #..
#..# # #.. #..#


You could see an endoplasm.

Vanquished Creatures
  3 jackals (D:1)
3 creatures vanquished.

Notes
Turn   | Place    | Note
-------+----------+-------------------------------------------
     0 | D:1      | concernfroge the Felid Transmuter began the quest for the
                  | Orb.
     0 | D:1      | Reached XP level 1. HP: 9/9 MP: 4/4
    32 | D:1      | Frozen to death by an endoplasm

Illustrated notes

Levels and vault maps discovered:
D:1:      sevenhm_arrival_forest_fort_large_4, layout_loops_corners

Action                   || total
-------------------------++-------
Melee: Unarmed           ||    12
       Bite              ||     2
       Headbutt          ||     1
 Cast: Beastly Appendage ||     1
Armor: Skin              ||     1
Dodge: Dodged            ||    15
